 Dungeon Crawl Stone Soup version 0.18.1-8-gdd0e5ea (webtiles) character file.

1332 raph the Grave Robber (level 8, -4/69 HPs)
             Began as a Deep Dwarf Necromancer on May 23, 2016.
             Was a Follower of Makhleb.
             Slain by a red ugly thing (8 damage)
             ... on level 6 of the Dungeon.
             The game lasted 00:23:48 (7022 turns).

raph the Grave Robber (Deep Dwarf Necromancer)      Turns: 7022, Time: 00:23:50

Health: -4/69      AC: 11    Str: 12      XL:     8   Next: 34%
Magic:  4/12       EV: 13    Int: 18      God:    Makhleb [*.....]
Gold:   564        SH:  5    Dex: 12 (13) Spells: 5 memorised, 0 levels left

rFire  + . .     SeeInvis .     E - +0 battleaxe
rCold  . . .     Gourm    .     o - +0 leather armour
rNeg   . . .     Faith    .     (shield currently unavailable)
rPois  .         Spirit   .     m - +2 hat
rElec  .         Dismiss  .     (no cloak)
rCorr  .         Reflect  +     (no gloves)
SustAt .         Harm     .     j - +1 pair of boots
MR     +....                    a - +5 amulet of reflection
Stlth  +++.......               v - ring of protection from fire
                                p - +4 ring of protection

@: very slightly contaminated, non-regenerating, somewhat resistant to hostile
enchantments, fairly stealthy
A: damage resistance, recharge devices, sense surroundings 1, slow regeneration
3
a: Device Recharging, Renounce Religion


You were on level 6 of the Dungeon.
You worshipped Makhleb.
Makhleb was aware of your devotion.
You were near starving.

You visited 1 branch of the dungeon, and saw 6 of its levels.
You also visited: Ossuary.

You collected 684 gold pieces.
You spent 120 gold pieces at shops.

Inventory:

Hand Weapons
 u - a +2 dagger of holy wrath
 E - a +0 battleaxe (weapon)
Missiles
 D - 10 tomahawks
 F - 7 steel tomahawks (quivered)
Armour
 j - a +1 pair of boots (worn)
 m - a +2 hat (worn)
 o - a +0 leather armour (worn)
Jewellery
 a - a +5 amulet of reflection (around neck)
 p - a +4 ring of protection (left hand)
 v - a ring of protection from fire (right hand)
 w - an uncursed ring of fire
Wands
 c - a wand of heal wounds (3/9)
 x - a wand of polymorph (19/24)
 y - a wand of lightning (1/15)
Scrolls
 e - 6 scrolls of remove curse
Potions
 g - a potion of degeneration
 h - a potion of resistance
 l - 2 potions of brilliance
 n - 3 potions of curing {unknown}
 q - 3 potions of flight {unknown}
 z - a potion of haste {unknown}
 A - 3 potions of lignification {unknown}
 B - a potion of might {unknown}
Books
 b - a book of Necromancy

   Spells                             Type                      Level
   a - Pain                           Necromancy                   1
   b - Animate Skeleton               Necromancy                   1
   c - Vampiric Draining              Necromancy                   3
   d - Regeneration                   Charms/Necromancy            3
   e - Animate Dead                   Necromancy                   4
   f - Control Undead                 Necromancy                   4
 G - Kikubaaqudgha's Volume of Darkness
   (You found it on level 5 of the Dungeon)

   Spells                             Type                      Level
   a - Pain                           Necromancy                   1
Comestibles
 d - 3 bread rations
 k - 2 slices of pizza
 r - 3 meat rations


   Skills:
 + Level 3.2 Fighting
 * Level 2.7 Axes
 + Level 3.6 Armour
 + Level 4.8 Dodging
 + Level 5.2 Stealth
 - Level 3.1 Spellcasting
 + Level 7.2 Necromancy
 + Level 1.3 Invocations


You couldn't memorise any spells.
You knew the following spells:

 Your Spells              Type           Power        Failure   Level  Hunger
a - Pain                  Necr           ####         1%          1    None
b - Animate Skeleton      Necr           N/A          1%          1    None
c - Vampiric Draining     Necr           ####......   3%          3    ###....
d - Control Undead        Necr           ####......   12%         4    ####...
e - Animate Dead          Necr           N/A          12%         4    ####...


Dungeon Overview and Level Annotations

Branches:
Dungeon (6/15)             Temple (0/1) D:5

Altars:
Cheibriados
Elyvilon
Fedhas
Gozag
Kikubaaqudgha
Makhleb
Okawaru
Pakellas
Qazlal
Sif Muna
Vehumet
Xom

Shops:
D:4 *   D:5 %

Annotations:
D:3 Uhlv's ghost, amateur TrMo
D:5 Loading's ghost, novice FoFi


Innate Abilities, Weirdness & Mutations

You are resistant to damage.
You can recharge devices by infusing magical energy.
You passively map a small area around you.
You do not regenerate naturally.


Message History

The crimson imp grinds its teeth.
The crimson imp blinks!
Read which item? (? for menu, Esc to quit)
Okay, then.
You closely miss the cyan ugly thing.
The cyan ugly thing is heavily wounded.
The cyan ugly thing basks in your mutagenic energy and changes!
You hit the red ugly thing.
The red ugly thing is severely wounded.
You are near starving!
The crimson imp blinks!
The crimson imp hits you but does no damage.
You hit the red ugly thing.
The red ugly thing is severely wounded.
You hit the crimson imp.
The crimson imp is heavily wounded.
The red ugly thing bites you!
* * * LOW HITPOINT WARNING * * *
You are engulfed in flames!
You resist.
You die...

.# #.# , ,
8#.# .####.#
* , ,
,#.#####
......# ,, ,
, #.....#
.####.#,, +
,, ,
,#...).# .#
#.#
###########
,#.....# .#
#.#
#.........#
, #.....# .#
#.#
#.....ยง...#
, #...).# .#
#.#
,#.........#
,,#.....# .#
#(#,,
#...5@....#8
#.....#
.####.#
*#####u#####
#......
.##...# , ,


gSg , ,, #.##### ....#.# , , lZcFg *,, #.# ......# , ,...9...,* #.# ...##.# ,,
*....5.... #.# ##.##.# , #.........# #.# ##....# , #.........# , #.# #....# , ,
, #.# You could see a red ugly thing, a gargoyle, a giant frog, a centaur, a
gnoll shaman, an iguana, 2 gnolls, 2 crimson imps, an adder and a killer bee
zombie.

Vanquished Creatures
  Edmund (D:5)
  An ice beast (D:5)
  A sky beast (D:6)
  An orc warrior (D:6)
  2 ogres
  3 giant frogs (D:6)
  2 scorpions
  A howler monkey (D:6)
  2 electric eels (D:6)
  A giant frog zombie (D:6)
  An orc priest (D:6)
  A jelly (D:5)
  An iguana (D:5)
  An orc wizard (D:6)
  A worker ant (D:4)
  A hound skeleton (D:5)
  A worker ant zombie (D:5)
  3 gnolls (D:4)
  5 adders
  An ooze (D:1)
  An adder zombie (D:5)
  A worm (D:2)
  4 dart slugs (D:2)
  A giant gecko (D:1)
  14 orcs
  3 giant cockroaches
  6 goblins
  10 hobgoblins
  7 quokkas
  A ball python (D:3)
  6 bats
  2 giant newts
  2 goblin zombies (Ossuary)
  11 kobolds
  2 kobold zombies (Ossuary)
  9 rats
111 creatures vanquished.

Vanquished Creatures (collateral kills)
  An ooze (D:1)
  A worm (D:3)
  A ball python (D:2)
  A goblin zombie (Ossuary)
  A hobgoblin zombie (Ossuary)
5 creatures vanquished.

Grand Total: 116 creatures vanquished

Notes
Turn   | Place    | Note
--------------------------------------------------------------
     0 | D:1      | raph the Deep Dwarf Necromancer began the quest for the Orb.
     0 | D:1      | Reached XP level 1. HP: 15/15 MP: 3/3
   122 | D:1      | Learned a level 1 spell: Animate Skeleton
   234 | D:1      | Reached XP level 2. HP: 24/24 MP: 2/4
  1086 | D:2      | Reached XP level 3. HP: 28/30 MP: 4/6
  1091 | D:2      | Learned a level 3 spell: Vampiric Draining
  1427 | D:2      | Reached skill level 1 in Fighting
  1625 | D:2      | Reached XP level 4. HP: 32/38 MP: 1/7
  2001 | D:2      | Reached skill level 5 in Necromancy
  2856 | D:3      | Noticed Uhlv's ghost (amateur TrMo)
  2913 | D:4      | Found a snail-covered altar of Cheibriados.
  2916 | D:4      | Found an opulent altar of Gozag.
  2921 | D:4      | Found an iron altar of Okawaru.
  2935 | D:4      | Found an oddly glowing altar of Pakellas.
  2945 | D:4      | Found a stormy altar of Qazlal.
  2956 | D:4      | Found a burning altar of Makhleb.
  2960 | D:4      | Became a worshipper of Makhleb the Destroyer
  2966 | D:4      | Found a white marble altar of Elyvilon.
  3241 | D:4      | Reached XP level 5. HP: 33/44 MP: 0/8
  3372 | D:4      | Noticed an ogre
  3394 | D:4      | Killed an ogre
  3394 | D:4      | Reached skill level 1 in Armour
  3497 | D:4      | Found an iron altar of Okawaru.
  3639 | D:4      | Found Ziffurud's General Store.
  3644 | D:4      | Bought a wand of lightning (8/15) for 120 gold pieces
  4579 | D:5      | Entered Level 5 of the Dungeon
  4608 | D:5      | Noticed an ice beast
  4611 | D:5      | Killed an ice beast
  4611 | D:5      | Reached skill level 6 in Necromancy
  4611 | D:5      | Reached XP level 6. HP: 34/52 MP: 9/9
  4664 | D:5      | Learned a level 4 spell: Control Undead
  4677 | D:5      | Noticed Loading's ghost (novice FoFi)
  4782 | D:6      | Found a sand-covered staircase.
  4787 | Ossuary  | Entered an ossuary
  4787 | Ossuary  | Noticed a wraith
  4787 | Ossuary  | Noticed a wraith
  4787 | Ossuary  | Noticed a wraith
  4812 | Ossuary  | Reached * piety under Makhleb
  4832 | Ossuary  | Noticed a wraith
  4969 | D:6      | Noticed an orc warrior
  4972 | D:6      | Noticed a sky beast
  4977 | D:6      | Killed an orc warrior
  4988 | D:6      | Killed a sky beast
  4988 | D:6      | Reached XP level 7. HP: 38/61 MP: 4/11
  5762 | D:6      | Noticed Edmund
  5780 | D:6      | Reached skill level 1 in Axes
  5877 | D:5      | Killed Edmund
  5878 | D:5      | Found an ancient bone altar of Kikubaaqudgha.
  5916 | D:5      | Found a radiant altar of Vehumet.
  5918 | D:5      | Found a deep blue altar of Sif Muna.
  5924 | D:5      | Identified Kikubaaqudgha's Volume of Darkness
  5948 | D:5      | Reached skill level 7 in Necromancy
  6075 | D:5      | Found a blossoming altar of Fedhas.
  6191 | D:5      | Found Gonezop's Food Emporium.
  6230 | D:5      | Reached XP level 8. HP: 35/68 MP: 8/12
  6236 | D:5      | Learned a level 4 spell: Animate Dead
  6257 | D:5      | Found a shimmering altar of Xom.
  6291 | D:5      | Found a staircase to the Ecumenical Temple.
  6611 | D:6      | Reached skill level 5 in Stealth
  6744 | D:6      | Reached skill level 1 in Invocations
  7002 | D:6      | Noticed a cyan ugly thing
  7006 | D:6      | Noticed a gargoyle
  7022 | D:6      | Slain by a red ugly thing

Skill      XL: |  1  2  3  4  5  6  7  8 |
---------------+-------------------------+-----
Spellcasting   | 2 3 |  3.1
Fighting       | 1 2 3 |  3.2
Stealth        | 3 4 5 |  5.2
Necromancy     | 5 6 7 |  7.2
Dodging        | 3 4 |  4.8
Armour         | 1 2 3 |  3.6
Axes           | 1 2 |  2.7
Invocations    | 1 |  1.3

Action                   |  1- 3 |  4- 6 |  7- 9 || total
-------------------------+-------+-------+-------++-------
Melee: Dagger            |     8 |    26 |       ||    34
       Battleaxe         |       |     8 |   102 ||   110
 Cast: Pain              |    62 |   100 |    49 ||   211
       Animate Skeleton  |    13 |    15 |     6 ||    34
       Vampiric Draining |     1 |     9 |    14 ||    24
       Control Undead    |       |     2 |     2 ||     4
Evoke: Wand              |       |     4 |     8 ||    12
  Use: Scroll            |       |     2 |     3 ||     5
       Potion            |       |       |     4 ||     4
 Stab: Sleeping          |       |       |     1 ||     1
  Eat: Chunk             |     4 |    12 |     7 ||    23
       Beef jerky        |       |       |     1 ||     1
Armor: Robe              |     2 |       |       ||     2
       Leather armour    |     1 |    28 |    49 ||    78
Dodge: Dodged            |     7 |    36 |    77 ||   120
Block: Other             |       |    10 |    28 ||    38
